 Dungeon Crawl Stone Soup version 0.31-a0-1616-gbeaec30b81 (webtiles) character file.

Game seed: 10897056823307670243

23 Malachi the Trooper (level 3, -2/40 HPs)
             Began as an Oni Chaos Knight on Jan 10, 2024.
             Was a Plaything of Xom.
             Slain by a cerulean imp
             ... wielding a +2 spear
             ... summoned by Natasha
              (4 damage)
             ... on level 2 of the Dungeon.
             The game lasted 00:01:15 (791 turns).

Malachi the Trooper (Oni Chaos Knight)               Turns: 791, Time: 00:01:15

Health: -2/40      AC:  5    Str: 18    XL:     3   Next: 0%
Magic:  3/3        EV: 10    Int: 13    God:    Xom [*.....]
Gold:   71         SH:  0    Dex:  8    Spells: 2/2 levels left

rFire   + . .        a - +0 mace (chaos)
rCold   + . .        (no shield)
rNeg    . . .        b - +2 robe
rPois   +            (helmet restricted)
rElec   +            (no cloak)
rCorr   +            (gloves unavailable)
SInv    .            (boots unavailable)
Will    .....        (no amulet)
Stlth   +            (no ring)
HPRegen 0.26/turn    (no ring)
MPRegen 0.08/turn

%: no passive effects
@: resistant, slowed, invisible, very slow
A: large, unfitting armour, horns 1, tough skin 1, double potion healing,
drunken brawling
a: Renounce Religion


You were on level 2 of the Dungeon.
You worshipped Xom.
You were a special plaything of Xom.
You visited 1 branch of the dungeon, and saw 2 of its levels.

You collected 71 gold pieces.

Inventory:

Hand Weapons
 a - a +0 mace of chaos (weapon)
Armour
 b - a +2 robe (worn)
Jewellery
 e - a ring of fire
Talismans
 g - a beast talisman
 k - a talisman of death
Scrolls
 c - a scroll of butterflies
 f - 2 scrolls of teleportation {unknown}
 h - a scroll of enchant armour {unknown}
 i - a scroll of identify {unknown}


   Skills:
 + Level 4.4 Fighting
 + Level 3.3 Maces & Flails
 - Level 2.4 Dodging
 + Level 0.8 Shapeshifting


You had 2 spell levels left.
You didn't know any spells.
Your spell library was empty.

Dungeon Overview and Level Annotations

Branches:
Dungeon (2/15)

Altars:

Shops:
D:1 (

Annotations:
D:2 Natasha


Innate Abilities, Weirdness & Mutations

You are too large for most types of armour.
You have a pair of small horns on your head.
You have tough skin. (AC +1)
You gain doubled healing and magic from potions.
Whenever you drink a healing potion, you attack all around you.


Message History

Natasha closely misses you.
The cerulean imp hits you from afar with a +3 spear.
Natasha claws you.
You hit Natasha. You burn Natasha.
Natasha is almost dead.
The cerulean imp hits you but does no damage.
The cerulean imp hits you from afar with a +3 spear.
Natasha claws you!
* * * LOW HITPOINT WARNING * * *
You are too injured to fight recklessly!
You are too injured to fight recklessly!
You are too injured to fight recklessly!
Unknown command.
You closely miss Natasha.
Natasha is almost dead.
The cerulean imp hits you from afar with a +2 spear.
* * * LOW HITPOINT WARNING * * *
The cerulean imp hits you but does no damage.
Natasha casts a spell at you. The magic dart hits you.
* * * LOW HITPOINT WARNING * * *
It was a potion of invisibility.
You fade into invisibility!
Xom thinks this is hilarious!
The cerulean imp barely misses you.
The cerulean imp hits you from afar with a +3 spear.
* * * LOW HITPOINT WARNING * * *
Natasha barely misses you.
It was a potion of resistance.
You feel protected.
The cerulean imp hits you but does no damage.
The cerulean imp hits you from afar with a +3 spear.
* * * LOW HITPOINT WARNING * * *
Natasha stares at you and mumbles some strange words.
You feel yourself slow down.
You barely miss Natasha.
Natasha is almost dead.
The cerulean imp hits you from afar with a +2 spear.
You die...
Xom snickers!

#.# #.#+#........
#.# #.#.........#
#.# #.###########
#.# #..
##.###############
#..†..............
####...>...5......
#.#.....h5.....
#......@#..
###.#...# #.#.#.#
#.#.#..$ #.#.#.###
#.#.#.# #...#<#
###.#..


You could see Natasha and 2 cerulean imps.

Vanquished Creatures
  2 dart slugs
  2 endoplasms (D:1)
  2 giant cockroaches
  A goblin (D:1)
  A hobgoblin (D:1)
  2 kobolds (D:1)
  2 quokkas (D:1)
  A ball python (D:1)
  2 bats (D:1)
  2 frilled lizards
17 creatures vanquished.

Notes
Turn   | Place    | Note
-------+----------+-------------------------------------------
     0 | D:1      | Malachi the Oni Chaos Knight began the quest for the Orb.
     0 | D:1      | Reached XP level 1. HP: 24/24 MP: 1/1
    35 | D:1      | XOM: silly message
   208 | D:1      | Found Seoply's Weapon Shoppe.
   217 | D:1      | Reached XP level 2. HP: 32/32 MP: 2/2
   557 | D:1      | XOM: silly message
   758 | D:2      | Reached XP level 3. HP: 36/40 MP: 3/3
   778 | D:2      | Noticed Natasha
   790 | D:2      | HP: 2/40 [cerulean imp/+3 spear[Natasha] (2)]
   791 | D:2      | Slain by a cerulean imp

Illustrated notes

Levels and vault maps discovered:
D:1:      giann_wishing_wells, layout_basic, serial_shops,
          nicolae_shop_bloodbath_and_beyond
D:2:      minmay_spotlight, layout_basic, serial_glass, glass_columns_b,
          glass_columns_a, uniq_natasha

Action                     || total
---------------------------++-------
  Melee: Mace              ||    51
         Headbutt          ||     6
    Use: Potion            ||     2
 Armour: Robe              ||    44
  Dodge: Dodged            ||    26

Table legend: (Time is in decaauts)
 A = Elapsed time spent in this place.
 B = Non-inter-level travel time spent in this place.
 C = Inter-level travel time spent in this place.
 D = Time resting spent in this place.
 E = Time spent auto-exploring this place.
 F = Levels seen in this place.
 G = Mean time per level.
                   A        B        C        D        E       F      G
               +--------+--------+--------+--------+--------+-----+--------+
         Total |    802 |    793 |      9 |      0 |    625 |   2 |  401.0 |
       Dungeon |    802 |    793 |      9 |      0 |    625 |   2 |  401.0 |
               +--------+--------+--------+--------+--------+-----+--------+

Top non-repeatable levels by time:
     D:1: 724 daAuts
     D:2: 78 daAuts
